cohdb
Replays
Latest Replays
All Replays
Popular Replays
Top Player Replays
Match Explorer
How It Works
Community
CoH3 Stats
Reddit
Sign in to upload your games and track your stats! →
Sign in with Steam
Match 42856957
Unlisted
Match 42856957
Overview
Messages
Build Orders
End
Kettenkrad Recon Vehicle
Construct Infanterie Kompanie
Grenadier Squad
MG 42 Machine Gun Team
Grenadier Squad
Grenadier Squad
Infanterie Officer Quarters
Construct Panzergrenadier Kompanie
GrW 34 Mortar Team
Support Elements
Panzergrenadier Squad
StuG III G Assault Gun
Medical Bunker
HikiKoumori
15907896199
leaf
wille526
Jaajo
ßoo
0
0
Comments
sign in to comment!
No comments posted yet!